 Dungeon Crawl Stone Soup version 0.29-a0-997-gf6f7e2dfe7 (webtiles) character file.

Game seed: 10526131639546243996

12 vurker the Vexing (level 2, 11/21 HPs)
             Began as a Demonspawn Enchanter on Aug 4, 2022.
             Quit the game on level 1 of the Dungeon.
             The game lasted 00:01:10 (69 turns).

vurker the Vexing (Demonspawn Enchanter)              Turns: 69, Time: 00:01:10

Health: 11/21      AC:  2    Str:  8    XL:     2   Next: 20%
Magic:  5/5        EV: 12    Int: 16    God:
Gold:   0          SH:  0    Dex: 13    Spells: 5/5 levels left

rFire   . . .      SeeInvis .   a - +1 dagger
rCold   . . .      Faith    .   (no shield)
rNeg    . . .      Spirit   .   b - +0 robe
rPois   .          Reflect  .   (helmet restricted)
rElec   .          Harm     .   (no cloak)
rCorr   .          Rampage  .   (no gloves)
Will    .....                   (no boots)
Stlth   ++........              (no amulet)
HPRegen 0.07/turn               (no ring)
MPRegen 0.09/turn               (no ring)

@: no status effects
A: antennae 1
a: no special abilities


You were on level 1 of the Dungeon.
You visited 1 branch of the dungeon, and saw 1 of its levels.

Inventory:

Hand Weapons
 a - a +1 dagger (weapon)
Armour
 b - a +0 robe (worn)
Scrolls
 d - a scroll of fog {unknown}
Potions
 c - 2 potions of invisibility


   Skills:
 * Level 1.2 Fighting
 - Level 0.8 Short Blades
 + Level 0.6 Armour
 + Level 2.0 Dodging
 - Level 2.6 Stealth
 - Level 2.0 Spellcasting
 - Level 3.0 Hexes


You had 5 spell levels left.
You didn't know any spells.
Your spell library contained the following spells:

 Spells                   Type           Power      Damage    Failure   Level
 Ensorcelled Hibernation  Hex/Ice        12%        N/A       17%         2
 Confusing Touch          Hex            11%        N/A       19%         3
 Tukima's Dance           Hex            11%        N/A       19%         3
 Dazzling Flash           Conj/Hex       12%        N/A       32%         3


Dungeon Overview and Level Annotations

Branches:
Dungeon (1/15)

Altars:


Innate Abilities, Weirdness & Mutations

You have a pair of small antennae on your head.


Message History

The quokka bites you but does no damage.
You hit the quokka but do no damage. The bat barely misses you.
The quokka misses you.
You hit the quokka. The bat hits you but does no damage.
The quokka bites you but does no damage.
You barely miss the quokka. The bat closely misses you. The bat misses you.
The quokka closely misses you. x2
You barely miss the quokka. The bat completely misses you.
The quokka twitches its whiskers.
The quokka bites you.
You hit the quokka but do no damage. The bat completely misses you.
The quokka bites you.
You closely miss the quokka. The bat barely misses you.
The quokka barely misses you.
You closely miss the quokka. The bat hits you. The quokka misses you.
You hit the quokka. The bat hits you. The quokka bites you.
You hit the quokka but do no damage. The bat closely misses you.
The quokka barely misses you. The bat hits you but does no damage.
You hit the quokka. The bat barely misses you. The quokka barely misses you.
You closely miss the quokka. The bat hits you. The quokka closely misses you.
You closely miss the quokka. The bat barely misses you.
The quokka completely misses you. The bat barely misses you.
The quokka barely misses you.
You miss the quokka. The bat hits you but does no damage. x2
The quokka closely misses you.
You hit the quokka.
You kill the quokka!
The bat misses you. The bat hits you.
A rat comes into view.
The bat closely misses you.
Found a stone staircase leading down.
The bat completely misses you.
You barely miss the bat. The bat closely misses you. The bat hits you.
The bat closely misses you. The bat barely misses you.
You barely miss the bat. The bat completely misses you. The bat hits you.
The bat hits you but does no damage.
You hit the rat.
You kill the rat!
The bat hits you but does no damage.
You closely miss the bat. The bat barely misses you.
You closely miss the bat. The bat closely misses you.
You closely miss the bat. The bat hits you.
* * * LOW HITPOINT WARNING * * *
The bat hits you but does no damage.
You hit the bat. The bat barely misses you. The bat closely misses you.
You hit the bat.
You kill the bat!

#..#
############.##
#........)...#
#.#.##########
#.#.# ##.#.#
##.(..#####.#
##...........#
#....@†.####.
#.......#
#.......#
##.....##
.>.......
..##.###### #
#. ##


There were no monsters in sight!

Vanquished Creatures
  A gnoll (D:1)
  A quokka (D:1)
  A bat (D:1)
  A rat (D:1)
4 creatures vanquished.

Notes
Turn   | Place    | Note
-------+----------+-------------------------------------------
     0 | D:1      | vurker the Demonspawn Enchanter began the quest for the
                  | Orb.
     0 | D:1      | Reached XP level 1. HP: 13/13 MP: 3/3
    27 | D:1      | Reached skill level 1 in Fighting
    27 | D:1      | Gained mutation: You have a pair of small antennae on your
                  | head. [demonic ancestry]
    27 | D:1      | Reached XP level 2. HP: 21/21 MP: 5/5
    69 | D:1      | Quit the game

Illustrated notes

Levels and vault maps discovered:
D:1:      dpeg_arrival_shrine, layout_loops_cross, minmay_misc_feat_ornament

Skill      XL: |  1 |
---------------+----+-----
Fighting       | 1 |  1.2
Dodging        | 2 |  2.0
Short Blades   | |  0.8
Armour         | |  0.6
Stealth        | |  2.6
Spellcasting   | |  2.0
Hexes          | |  3.0

Action                   || total
-------------------------++-------
Melee: Dagger            ||    24
 Stab: Sleeping          ||     1
Armor: Robe              ||    10
Dodge: Dodged            ||    33

Table legend: (Time is in decaauts)
 A = Elapsed time spent in this place.
 B = Non-inter-level travel time spent in this place.
 C = Inter-level travel time spent in this place.
 D = Time resting spent in this place.
 E = Time spent auto-exploring this place.
 F = Levels seen in this place.
 G = Mean time per level.
                   A        B        C        D        E       F      G
               +--------+--------+--------+--------+--------+-----+--------+
         Total |     68 |     68 |      0 |      0 |     29 |   1 |   68.0 |
       Dungeon |     68 |     68 |      0 |      0 |     29 |   1 |   68.0 |
               +--------+--------+--------+--------+--------+-----+--------+

Top non-repeatable levels by time:
     D:1: 68 daAuts
